 Dungeon Crawl Stone Soup version 0.29-a0-876-gfc89b1a5bd (webtiles) character file.

Game seed: 4174450613576858815

2567 zishaf the Covert (level 9, -5/49 HPs)
             Began as a Vine Stalker Brigand on July 19, 2022.
             Was a Follower of Uskayaw.
             Shot with a bolt by an orc warrior (13 damage)
             ... in a bailey.
             The game lasted 00:15:48 (5811 turns).

zishaf the Covert (Vine Stalker Brigand)            Turns: 5811, Time: 00:15:49

Health: -5/49      AC:  8    Str: 15    XL:     9   Next: 57%
Magic:  0/19       EV: 11    Int: 14    God:    Uskayaw [*.....]
Gold:   406        SH:  0    Dex: 19    Spells: 8/8 levels left

rFire   . . .      SeeInvis .   a - +3 dagger (venom)
rCold   . . .      Faith    .   (no shield)
rNeg    . . .      Spirit   +   G - +0 steam dragon scales
rPois   .          Reflect  .   B - +1 helmet "Aqyity" {+Inv rC- Regen+ Int+3}
rElec   .          Harm     .   c - +0 cloak
rCorr   .          Rampage  .   (no gloves)
Will    +....                   (no boots)
Stlth   ++........              (no amulet)
HPRegen 1.76/turn               x - ring of protection from cold
MPRegen 0.16/turn               y - ring of magical power

@: very slow
A: fangs 3, regeneration 1, magic shield, antimagic bite, no potion heal 2
a: Renounce Religion, Evoke Invisibility, Stomp


You were in a bailey.
You worshipped Uskayaw.
Uskayaw was noncommittal.
You visited 2 branches of the dungeon, and saw 8 of its levels.
You also visited: Bailey.

You collected 406 gold pieces.

Inventory:

Hand Weapons
 a - a +3 dagger of venom (weapon)
 b - a +3 vorpal long sword
 F - a +4 short sword
Missiles
 d - 14 poisoned darts
 e - 3 curare-tipped darts (quivered)
 l - 12 boomerangs
 m - 2 javelins
Armour
 c - a +0 cloak (worn)
 f - a +0 leather armour
 g - a +0 robe
 k - a +0 ring mail
 n - a +1 helmet
 u - a +1 leather armour of poison resistance
 B - the +1 helmet "Aqyity" (worn) {+Inv rC- Regen+ Int+3}
   (You found it on level 4 of the Dungeon)

   Int:       It affects your intelligence (+3).
   rC:        It makes you vulnerable to cold.
   +Inv:      It lets you turn invisible.
   Regen:     It increases your rate of health regeneration.
 G - +0 steam dragon scales (worn)
Jewellery
 j - a ring of wizardry
 p - a ring of flight
 x - a ring of protection from cold (left hand)
 y - a ring of magical power (right hand)
 H - a ring of magical power
Wands
 s - a wand of roots (2)
 v - a wand of acid (10)
Scrolls
 i - a scroll of magic mapping
 q - a scroll of summoning
 A - 3 scrolls of teleportation
 C - a scroll of brand weapon
 E - a scroll of enchant armour
Potions
 h - 7 potions of curing
 o - a potion of attraction
 r - a potion of berserk rage
 t - a potion of invisibility {unknown}
 w - a potion of magic
 z - a potion of mutation {unknown}
 D - a potion of lignification {unknown}


   Skills:
 + Level 6.8 Fighting
 - Level 5.8(6.3) Short Blades
 + Level 3.8(5.3) Long Blades
 - Level 3.0 Throwing
 + Level 0.8 Dodging
 - Level 8.0 Stealth
 * Level 0.1 Invocations
 - Level 4.0 Evocations


You had 8 spell levels left.
You didn't know any spells.
Your spell library contained the following spells:

 Spells                   Type           Power      Damage    Failure   Level
 Magic Dart               Conj           0%         1d3       28%         1
 Necrotise                Necr           0%         1d4       28%         1
 Sting                    Tmut/Pois      0%         1d3       28%         1
 Poisonous Vapours        Pois/Air       0%         N/A       41%         2
 Searing Ray              Conj           0%         2d4       41%         2
 Gell's Gravitas          Tloc           0%         N/A       65%         3
 Inner Flame              Hex/Fire       0%         N/A       65%         3
 Lesser Beckoning         Tloc           0%         N/A       65%         3
 Teleport Other           Tloc           0%         N/A       65%         3
 Cause Fear               Hex            0%         N/A       96%         4
 Fulminant Prism          Conj/Hex       0%         3d6       96%         4
 Olgreb's Toxic Radiance  Pois           0%         N/A       96%         4
 Iskenderun's Battlesphe  Conj           0%         2d6       100%        5
 Iron Shot                Conj/Erth      0%         9d1       100%        6
 Spellforged Servitor     Conj/Summ      0%         N/A       100%        7
 Discord                  Hex            0%         N/A       100%        8


Dungeon Overview and Level Annotations

Branches:
Dungeon (7/15)             Temple (1/1) D:7          Bailey (1/1)

Altars:
Cheibriados
Gozag
Kikubaaqudgha
Makhleb
Okawaru
Sif Muna
Uskayaw
Vehumet
Yredelemnul
Zin

Shops:
D:6 [


Innate Abilities, Weirdness & Mutations

You have razor-sharp teeth.
Your natural rate of healing is unusually fast.
When hurt, damage is shared between your health and your magic reserves.
Your bite disrupts and absorbs the magic of your enemies.
Potions cannot restore your health.


Message History

Items here: ))) †.
Things that are here:
a +0 spear; an orc corpse You enter the shallow water.
Moving in this stuff is going to be slow.
There is an open gate here.
There is a flagged portal here.
The world spins around you as you enter the gateway.
You enter a bailey!
Found a gate leading back out of this place.
There is an empty arch of ancient stone here.
An orc comes into view. It is wielding a +0 arbalest.
An orc and an orc warrior come into view.
An orc comes into view. It is wielding a +0 arbalest.
You enter the shallow water.
Moving in this stuff is going to be slow.
Found a gate leading back out of this place.
An orc warrior comes into view. It is wielding a +0 arbalest.
The orc shouts!
You hear a shout! x2
The orc warrior shoots a bolt.
The bolt closely misses you.
The orc warrior shoots a bolt.
The bolt closely misses you.
You hear a shout!
The orc shoots a bolt.
The bolt barely misses you.
The orc warrior shoots a bolt.
The bolt hits you!
The orc warrior shoots a bolt.
The bolt closely misses you.
The orc warrior shoots a bolt.
The bolt hits you!!
You hit the orc.
The orc is poisoned.
You bite the orc.
You kill the orc!
You hear a splash. x2
Okay, then.
You enter the shallow water.
Moving in this stuff is going to be slow.
The orc warrior shoots a bolt.
The bolt hits you!
Things that are here:
a +0 arbalest; a +0 scale mail; an orc corpse The orc warrior shoots a bolt.
The bolt hits you but does no damage.
The orc warrior shoots a bolt.
The bolt hits you!!
* * * LOW HITPOINT WARNING * * *
The orc warrior shoots a bolt.
The bolt hits you!
You die...

#≈≈≈≈≈≈≈.....#
#≈≈≈≈≈≈≈.....#
#≈≈≈≈≈≈≈.....#
#≈≈≈≈≈≈≈.....#
##≈≈≈≈≈≈≈.....#
#≈≈≈≈≈≈≈≈.....#
#≈≈≈≈≈≈≈≈.....#
≈≈≈≈≈≈≈@≈.....#
≈≈≈≈≈o≈≈).....#
≈≈≈##o#≈≈.....#
≈ ≈#oo##≈.....#
≈....#≈.....#
≈≈##.##≈.....#
≈≈≈ ###≈≈.....#
≈≈≈≈≈≈≈≈≈.....#
............#


You could see 2 orc warriors and 2 orcs.

Vanquished Creatures
  2 steam dragons (D:6)
  2 water moccasins
  A sky beast (D:5)
  2 ice beasts
  3 black bears
  3 centaurs
  A phantom (D:6)
  6 scorpions
  5 wights (D:6)
  2 hounds (D:6)
  Ijyb (D:4)
  2 iguanas (D:4)
  Natasha (thrice) (D:3)
  5 orc wizards
  A mummy (D:6)
  7 gnolls (D:5)
  7 adders
  A white imp (D:5)
  2 ufetubi
  4 dart slugs
  15 orcs
  4 bats
  7 endoplasms
  15 goblins
  14 hobgoblins
  2 jackals (D:3)
  10 kobolds
  3 quokkas
  8 ball pythons
  6 frilled lizards
  4 rats
148 creatures vanquished.

Vanquished Creatures (collateral kills)
  A hound (D:4)
  An orc (D:4)
2 creatures vanquished.

Vanquished Creatures (others)
  3 fungi (D:6)
3 creatures vanquished.

Grand Total: 153 creatures vanquished

Notes
Turn   | Place    | Note
-------+----------+-------------------------------------------
     0 | D:1      | zishaf the Vine Stalker Brigand began the quest for the
                  | Orb.
     0 | D:1      | Reached XP level 1. HP: 11/11 MP: 2/2
   234 | D:1      | Reached skill level 5 in Stealth
   234 | D:1      | Reached XP level 2. HP: 13/15 MP: 3/3
   534 | D:1      | Found a faded altar of an unknown god.
   801 | D:1      | Reached XP level 3. HP: 4/18 MP: 2/4
  1547 | D:2      | Gained mutation: Your natural rate of healing is unusually
                  | fast. [Vine Stalker growth]
  1547 | D:2      | Reached XP level 4. HP: 18/23 MP: 5/5
  1963 | D:3      | Noticed Natasha
  2121 | D:3      | Killed Natasha
  2148 | D:3      | Reached XP level 5. HP: 27/27 MP: 6/6
  2256 | D:3      | Noticed an ice beast
  2304 | D:3      | Killed an ice beast
  2305 | D:3      | Reached skill level 6 in Stealth
  2374 | D:3      | Reached XP level 6. HP: 32/32 MP: 7/7
  2501 | D:3      | Noticed Natasha
  2505 | D:3      | Killed Natasha
  2505 | D:3      | Noticed Natasha
  2514 | D:3      | Killed Natasha
  3241 | D:4      | Reached skill level 1 in Evocations
  3266 | D:4      | Noticed Ijyb
  3281 | D:4      | Killed Ijyb
  3436 | D:4      | Noticed a black bear
  3443 | D:4      | Killed a black bear
  3444 | D:4      | Reached XP level 7. HP: 33/37 MP: 8/8
  3631 | D:4      | Identified the +1 helmet "Aqyity" {+Inv rC- Regen+ Int+3}
  3719 | D:5      | Entered Level 5 of the Dungeon
  4175 | D:5      | Gained mutation: You have razor-sharp teeth. [Vine Stalker
                  | growth]
  4175 | D:5      | Reached XP level 8. HP: 27/42 MP: 9/9
  4226 | D:5      | Reached skill level 5 in Fighting
  4349 | D:5      | Reached skill level 5 in Short Blades
  4788 | D:6      | Found Heuts's Antique Armour Emporium.
  4845 | D:6      | Found a radiant altar of Vehumet.
  4856 | D:6      | Found an ancient bone altar of Kikubaaqudgha.
  4857 | D:6      | Found a shimmering blue altar of Sif Muna.
  4863 | D:6      | Got Kikubaaqudgha's Almanac of Necromancy
  5044 | D:6      | Reached skill level 7 in Stealth
  5115 | D:6      | Reached skill level 1 in Long Blades
  5229 | D:6      | Reached XP level 9. HP: 48/48 MP: 10/10
  5380 | D:6      | Reached skill level 8 in Stealth
  5530 | D:6      | Found a snail-covered altar of Cheibriados.
  5659 | D:7      | Found a staircase to the Ecumenical Temple.
  5670 | Temple   | Entered the Ecumenical Temple
  5681 | Temple   | Became a worshipper of Uskayaw the Reveller
  5751 | D:7      | Found a flagged portal.
  5769 | D:7      | Reached * piety under Uskayaw
  5786 | Bailey   | Entered a bailey
  5811 | Bailey   | Shot with a bolt by an orc warrior

Illustrated notes

Levels and vault maps discovered:
D:1:      scummos_arrival_checkerplants, layout_rooms,
          chequers_ecumenical_altar_island
D:2:      cheibrodos_greedy_goblins, layout_rooms
D:3:      layout_basic, eino_curves_04, nicolae_kite_square_tiling_tiny,
          uniq_natasha
D:4:      layout_basic, uniq_ijyb
D:5:      layout_basic, roderic_filled_cross
D:6:      kennysheep_steamy, layout_basic, grunt_temple_overflow_magic_moments,
          slow_altar_2, serial_shops, nicolae_shop_waterfront,
          kennysheep_generic_room_16
D:7:      layout_basic, marbit_many_paths, minmay_temple_entry_glassed_door,
          enter_bailey_4, nicolae_benzene_ring
Temple:   nicolae_temple_bog_church
Bailey:   bailey_polearm_2, bailey

Skill      XL: |  1  2  3  4  5  6  7  8  9 |
---------------+----------------------------+-----
Stealth        | 5 6 7 8 |  8.0
Fighting       | 2 3 4 5 6 |  6.8
Short Blades   | 2 3 4 5 |  5.8
Throwing       | 2 3 |  3.0
Evocations     | 1 2 4 |  4.0
Long Blades    | 1 3 |  3.8
Dodging        | |  0.8
Invocations    | |  0.1

Action                   |  1- 3 |  4- 6 |  7- 9 || total
-------------------------+-------+-------+-------++-------
Melee: Dagger            |   100 |   127 |   201 ||   428
       Bite              |    18 |    40 |    71 ||   129
       Punch             |     2 |     2 |     2 ||     6
       Long sword        |       |       |    20 ||    20
Throw: Dart              |     1 |     1 |       ||     2
       Javelin           |       |     1 |       ||     1
  Use: Potion            |     1 |       |     1 ||     2
       Scroll            |       |     5 |    16 ||    21
 Stab: Sleeping          |     4 |     4 |    11 ||    19
       Distracted        |       |     4 |       ||     4
Armor: Leather armour    |    26 |     3 |    46 ||    75
       Robe              |     1 |       |       ||     1
       Ring mail         |     4 |    42 |       ||    46
       Steam dragon scal |       |       |    22 ||    22
Dodge: Dodged            |    65 |    51 |   118 ||   234

Table legend: (Time is in decaauts)
 A = Elapsed time spent in this place.
 B = Non-inter-level travel time spent in this place.
 C = Inter-level travel time spent in this place.
 D = Time resting spent in this place.
 E = Time spent auto-exploring this place.
 F = Levels seen in this place.
 G = Mean time per level.
                   A        B        C        D        E       F      G
               +--------+--------+--------+--------+--------+-----+--------+
         Total |   5753 |   5462 |    291 |    422 |   3511 |   9 |  639.2 |
       Dungeon |   5704 |   5413 |    291 |    422 |   3511 |   7 |  814.9 |
        Temple |     23 |     23 |      0 |      0 |      0 |   1 |   23.0 |
        Bailey |     26 |     26 |      0 |      0 |      0 |   1 |   26.0 |
               +--------+--------+--------+--------+--------+-----+--------+

Top non-repeatable levels by time:
     D:1: 1282 daAuts
     D:5: 1108 daAuts
     D:3: 935 daAuts
     D:4: 788 daAuts
     D:6: 746 daAuts
     D:2: 702 daAuts
     D:7: 141 daAuts
  Bailey: 26 daAuts
  Temple: 23 daAuts
